 Dungeon Crawl Stone Soup version 0.29.1-1-gd02db6906a (webtiles) character file.

Game seed: 8837886330112701035

13 GigaChad the Trooper (level 2, -3/19 HPs)
             Began as a Kobold Fighter on Oct 4, 2022.
             Slain by a hobgoblin
             ... wielding a +0 flail
              (6 damage)
             ... on level 1 of the Dungeon.
             The game lasted 00:01:05 (343 turns).

GigaChad the Trooper (Kobold Fighter)                Turns: 343, Time: 00:01:06

Health: -3/19      AC:  6    Str: 13    XL:     2   Next: 50%
Magic:  2/3        EV: 10    Int:  9    God:
Gold:   34         SH:  5    Dex: 14    Spells: 2/2 levels left

rFire   . . .      SeeInvis .   a - +0 long sword
rCold   . . .      Faith    .   c - +0 buckler
rNeg    . . .      Spirit   .   b - +0 scale mail
rPois   .          Reflect  .   (no helmet)
rElec   .          Harm     .   (no cloak)
rCorr   .          Rampage  .   (no gloves)
Will    .....                   (no boots)
Stlth   +.........              (no amulet)
HPRegen 0.06/turn               (no ring)
MPRegen 0.08/turn               (no ring)

@: no status effects
A: small, no large weapons, nightstalker 3
a: no special abilities


You were on level 1 of the Dungeon.
You visited 1 branch of the dungeon, and saw 1 of its levels.

You collected 34 gold pieces.

Inventory:

Hand Weapons
 a - a +0 long sword (weapon)
Armour
 b - a +0 scale mail (worn)
 c - a +0 buckler (worn)
Scrolls
 e - a scroll of teleportation
Potions
 d - a potion of might
 f - a potion of ambrosia {unknown}


   Skills:
 - Level 3.4 Fighting
 - Level 1.6 Long Blades
 - Level 2.5 Armour
 - Level 2.5 Shields
 + Level 0.8 Spellcasting


You had 2 spell levels left.
You didn't know any spells.
Your spell library was empty.

Dungeon Overview and Level Annotations

Branches:
Dungeon (1/15)

Altars:


Innate Abilities, Weirdness & Mutations

You are small and have problems with some larger weapons.
You are completely attuned to the shadows.


Message History

You kill the kobold!
Things that are here:
a +0 short sword; a stone; a kobold corpse
Found a leather armour.
A gnoll comes into view. It is wielding a +0 spear.
The gnoll shouts!
You hear a shout!
A goblin comes into view. It is wielding a +0 dagger.
There are monsters nearby!
The goblin shouts!
You hear a shout!
A goblin comes into view. It is wielding a +0 club.
The gnoll closely misses you. The goblin hits you but does no damage.
The gnoll hits you from afar with a +0 spear!
You closely miss the goblin. The goblin hits you but does no damage.
You block the gnoll's attack.
You hit the goblin.
You kill the goblin!
The gnoll hits you from afar with a +0 spear.
A hobgoblin comes into view. It is wielding a +0 flail.
You block the gnoll's attack. You block the goblin's attack.
Things that are here:
a +0 dagger; a goblin corpse You hit the gnoll.
The gnoll is lightly wounded.
The goblin misses you. You block the gnoll's attack.
The goblin hits you but does no damage. The gnoll hits you with a +0 spear.
You slash the gnoll!
The gnoll is severely wounded.
The gnoll hits you with a +0 spear.
* * * LOW HITPOINT WARNING * * *
You closely miss the gnoll.
The gnoll is severely wounded.
The goblin closely misses you. The gnoll hits you but does no damage.
A giant cockroach comes into view.
The goblin barely misses you. You block the gnoll's attack.
You block the hobgoblin's attack.
You hit the gnoll.
You kill the gnoll!
The hobgoblin hits you with a +0 flail.
You die...

........#####
............#
......).....#
...#........#
....#........#
....#........#####
.................#
.....gg..........#
.....)@..........#
...[.#############
...B.# .....#
.....#


You could see a giant cockroach, a hobgoblin and a goblin.

Vanquished Creatures
  A gnoll (D:1)
  An endoplasm (D:1)
  A hobgoblin (D:1)
  A ball python (D:1)
  A bat (D:1)
  A frilled lizard (D:1)
  3 goblins (D:1)
  4 kobolds (D:1)
13 creatures vanquished.

Notes
Turn   | Place    | Note
-------+----------+-------------------------------------------
     0 | D:1      | GigaChad the Kobold Fighter began the quest for the Orb.
     0 | D:1      | Reached XP level 1. HP: 14/14 MP: 1/1
    76 | D:1      | Reached XP level 2. HP: 19/19 MP: 2/2
   343 | D:1      | Slain by a hobgoblin

Illustrated notes

Levels and vault maps discovered:
D:1:      lemuel_arrival_lava_pool, layout_basic

Action                   || total
-------------------------++-------
Melee: Long sword        ||    30
  Use: Scroll            ||     1
Armor: Scale mail        ||    15
Dodge: Dodged            ||    20
Block: Buckler           ||    17
